 Dungeon Crawl Stone Soup version 0.31-a0-516-gfcb59812bd (webtiles) character file.

Game seed: 9065496460823706253

4219 Morbidden the Conjurer (level 10, -1/65 HPs)
             Began as an Octopode Conjurer on Aug 10, 2023.
             Shot with an arrow by a centaur (2 damage)
             ... on level 9 of the Dungeon.
             The game lasted 00:08:39 (9062 turns).

Morbidden the Conjurer (Octopode Conjurer)          Turns: 9062, Time: 00:08:39

Health: -1/65      AC:  1    Str:  6    XL:     10   Next: 30%
Magic:  3/20       EV: 14    Int: 32    God:
Gold:   404        SH:  0    Dex: 10    Spells: 16/23 levels left

rFire   + . .        a - +2 short sword (venom)
rCold   . . .        (no shield)
rNeg    . . .        (helmet currently unavailable)
rPois   .            (no amulet)
rElec   .            n - ring of protection from fire
rCorr   .            s - +6 ring of intelligence
SInv    +            y - ring of see invisible
Will    .....        (no ring)
Stlth   +++          (no ring)
HPRegen 0.30/turn    (no ring)
MPRegen 0.17/turn    (no ring)
                     (no ring)

%: no passive effects
@: brilliant, beast-form
A: beast (slay +2), almost no armour, amphibious, 8 rings, camouflage 1,
gelatinous body 1, (nimble swimmer 1), tentacles
a: Begin Untransformation


You were on level 9 of the Dungeon.
You were a hulking beast.
You visited 2 branches of the dungeon, and saw 10 of its levels.

You collected 404 gold pieces.

Inventory:

Hand Weapons
 a - a +2 short sword of venom (weapon)
Missiles
 J - a curare-tipped dart
 K - 8 poisoned darts
Jewellery
 n - a ring of protection from fire (left tentacle)
 s - a +6 ring of intelligence (right tentacle)
 w - a ring of resist corrosion
 y - a ring of see invisible (on tentacle)
 G - a ring of ice
Talismans
 x - a beast talisman (active)
Wands
 b - a wand of roots (8)
 C - a wand of mindburst (4)
 D - a wand of paralysis (11)
Scrolls
 c - 3 scrolls of blinking
 l - 3 scrolls of teleportation
 m - 3 scrolls of silence
 q - a scroll of fear
 v - 3 scrolls of fog
 z - a scroll of torment
 B - 2 scrolls of poison
 E - a scroll of immolation
 F - a scroll of noise
 H - 2 scrolls of identify
Potions
 d - a potion of resistance {unknown}
 e - a potion of degeneration {unknown}
 f - 4 potions of might
 h - 8 potions of curing
 i - a potion of haste {unknown}
 j - a potion of magic
 k - 2 potions of brilliance
 o - a potion of lignification {unknown}
 p - 2 potions of heal wounds
 r - a potion of enlightenment {unknown}
 t - 3 potions of cancellation {unknown}
 u - a potion of mutation {unknown}
 A - 2 potions of attraction {unknown}


   Skills:
 * Level 4.3 Fighting
 + Level 1.7 Short Blades
 + Level 0.2 Maces & Flails
 * Level 4.4 Dodging
 + Level 3.9 Stealth
 * Level 4.5 Unarmed Combat
 * Level 7.1 Spellcasting
 * Level 7.9 Conjurations
 * Level 4.3 Translocations
 * Level 1.8 Evocations
 * Level 3.2 Shapeshifting


You had 16 spell levels left.
You knew the following spells:

 Your Spells              Type           Power      Damage    Failure   Level
a - Magic Dart            Conj           100%       1d8       1%          1
b - Searing Ray           Conj           100%       2d8       1%          2
z - Iskenderun's Mystic   Conj/Tloc      66%        2d14      3%          4

Your spell library contained the following spells:

 Spells                   Type           Power      Damage    Failure   Level
 Kiss of Death            Conj/Necr      100%       2d13      1%          1
 Dazzling Flash           Conj/Hex       100%       N/A       2%          3
 Ensorcelled Hibernation  Hex/Ice        34%        N/A       6%          2
 Fulminant Prism          Conj/Hex       26%        3d14      8%          4
 Confusing Touch          Hex            17%        N/A       12%         3
 Summon Guardian Golem    Hex/Summ       17%        N/A       12%         3
 Anguish                  Hex/Necr       8%         N/A       38%         4
 Dispel Undead            Necr           17%        3d10      38%         4
 Orb of Destruction       Conj           38%        9d11      78%         7
 Spellforged Servitor     Conj/Summ      26%        N/A       100%        7


Dungeon Overview and Level Annotations

Branches:
Dungeon (9/15)             Temple (1/1) D:5            Lair (0/5) D:9
    Orc: D:9-12

Altars:
Ashenzari
Dithmenos
Elyvilon
Fedhas
Gozag
Hepliaklqana
Makhleb
Nemelex Xobeh
Okawaru
Qazlal
Ru
Sif Muna
Trog
Uskayaw
Vehumet
Wu Jian
Xom
Yredelemnul
Zin
The Shining One

Shops:
D:4 *   D:8 *


Innate Abilities, Weirdness & Mutations

You are a hulking beast.
Your limbs bulge with bestial killing power. (Slay +2)
You cannot wear most types of armour.
You are amphibious.
You can wear up to eight rings at the same time.
Your skin changes colour to match your surroundings (Stealth+).
Your rubbery body absorbs attacks. (AC +1, EV +1)
((You are camouflaged when in or above water. (Stealth+)))
You have tentacles for arms and can constrict up to eight enemies at once.


Message History

The helpless Harold fails to defend himself.
You hit Harold but do no damage.
Harold looks as sick as possible!
Harold is heavily wounded.
You constrict Harold.
Unknown command.
Unknown command.
The helpless Harold fails to defend himself.
You hit Harold.
Harold looks as sick as possible!
You squeeze Harold!
Harold is severely wounded.
You constrict Harold.
Unknown command.
The helpless Harold fails to defend himself.
You puncture Harold!
Harold is almost dead.
You constrict Harold, but do no damage.
Unknown command.
The helpless Harold fails to defend himself.
You hit Harold.
You kill Harold!
Unknown command.
Unknown command.
Okay, then.
As you read the scroll labelled PIONLI GIRGH, it crumbles to dust.
It is a scroll of amnesia.
Okay, then.
As you read the scroll of identify, it crumbles to dust.
f - 4 potions of might
As you read the scroll of identify, it crumbles to dust.
h - 8 potions of curing
Okay, then.
As you read the scroll of identify, it crumbles to dust.
p - 2 potions of heal wounds
Okay, then.
Okay, then.
A centaur comes into view.
The centaur wields a +2 shortbow of freezing.
It is covered in frost.
The centaur shoots an arrow.
The arrow hits you!
* * * LOW HITPOINT WARNING * * *
The arrow freezes you.
You die...

,,,,,,,*
##########..###**,,,,,
,,,,,,,*
######..###...#**,,,,*
,,,,,,,*
####...<.###...*,,,,,*
,,,,,,,*
###....)...###.,,,*,,,
,,,,,,,*
##......)....##.,****,,
,,,,,,,**##...............**
*,*
,,,,,,,,*#................*
***
,,,,,,,,*.........).......**
,,,****,,c......h.........,*
**** **,.................,*
* **,.................,***
*,,.................,,,**
*,,.................*,,,**
*,,................#***,,**
********,...............#*
**,,*
,,,,,,,*,...............*
**,,
,,,,,,,*,,,,,,,,,,,,,,,**
***


You could see a centaur.

Vanquished Creatures
  Harold (D:9)
  A cyclops (D:6)
  A kobold demonologist (D:6)
  3 steam dragons
  A vampire mosquito (D:6)
  Edmund (D:7)
  An acid dragon (D:9)
  An orc warrior (D:9)
  A sky beast (D:7)
  2 black bears (D:5)
  2 ice beasts
  3 phantoms (D:6)
  A kobold brigand (D:8)
  A bullfrog (D:7)
  7 scorpions
  4 wights (D:7)
  A howler monkey (D:7)
  3 hounds
  A gnoll bouda (D:6)
  4 jellies
  4 orc priests
  4 iguanas
  A sleepcap (D:7)
  An orc wizard (D:7)
  3 adders
  3 gnolls (D:6)
  3 white imps
  2 worms (D:4)
  3 dart slugs (D:2)
  10 orcs
  11 ball pythons
  4 bats
  10 endoplasms
  5 giant cockroaches
  7 goblins
  7 hobgoblins
  4 jackals (D:3)
  14 kobolds
  2 quokkas
  4 frilled lizards
  A rat (D:3)
143 creatures vanquished.

Notes
Turn   | Place    | Note
-------+----------+-------------------------------------------
     0 | D:1      | Morbidden the Octopode Conjurer began the quest for the
                  | Orb.
     0 | D:1      | Reached XP level 1. HP: 11/11 MP: 3/3
   158 | D:1      | Reached XP level 2. HP: 18/18 MP: 0/5
   265 | D:1      | Found a faded altar of an unknown god.
   305 | D:1      | Learned a level 2 spell: Searing Ray
   685 | D:1      | Reached XP level 3. HP: 22/22 MP: 3/6
  1012 | D:2      | Reached skill level 1 in Unarmed Combat
  1408 | D:2      | Reached XP level 4. HP: 27/27 MP: 2/7
  2319 | D:3      | Learned a level 4 spell: Iskenderun's Mystic Blast
  2377 | D:3      | Reached skill level 1 in Fighting
  2548 | D:3      | Reached skill level 5 in Conjurations
  2744 | D:3      | Identified the +3 pair of boots of the Blizzard {Int+3}
  2782 | D:4      | Reached XP level 5. HP: 26/33 MP: 1/8
  3404 | D:4      | Reached XP level 6. HP: 39/39 MP: 5/10
  3584 | D:4      | Found Zin's Purification Station.
  3587 | D:4      | Found a glowing silver altar of Zin.
  3986 | D:5      | Entered Level 5 of the Dungeon
  4100 | D:5      | Reached skill level 1 in Translocations
  4192 | D:5      | Found a bloodstained altar of Trog.
  4269 | D:5      | Noticed a black bear
  4276 | D:5      | Killed a black bear
  4356 | D:5      | Reached XP level 7. HP: 45/45 MP: 3/12
  4734 | D:5      | Found a hazy altar of Hepliaklqana.
  4734 | D:5      | Found a sacrificial altar of Ru.
  4735 | D:5      | Found an opulent altar of Gozag.
  4767 | D:5      | Found a staircase to the Ecumenical Temple.
  4797 | Temple   | Entered the Ecumenical Temple
  4970 | D:5      | Found a shadowy altar of Dithmenos.
  5187 | D:6      | Reached skill level 1 in Shapeshifting
  5334 | D:6      | Reached skill level 1 in Short Blades
  5334 | D:6      | Reached XP level 8. HP: 47/51 MP: 3/14
  5775 | D:6      | Noticed a cyclops
  5784 | D:6      | Killed a cyclops
  5785 | D:6      | Reached skill level 5 in Spellcasting
  6097 | D:6      | Noticed a kobold demonologist
  6104 | D:6      | Killed a kobold demonologist
  6105 | D:6      | Reached skill level 1 in Evocations
  6105 | D:6      | Reached XP level 9. HP: 51/57 MP: 2/17
  7563 | D:7      | Noticed Edmund
  7582 | D:7      | Killed Edmund
  8238 | D:7      | Found a shimmering altar of Xom.
  8497 | D:8      | Found a sparkling altar of Nemelex Xobeh.
  8529 | D:8      | Reached XP level 10. HP: 62/63 MP: 7/20
  8617 | D:8      | Found Ritzakip's Overcharged Wands.
  9042 | D:9      | Noticed Harold
  9056 | D:9      | Killed Harold
  9062 | D:9      | HP: 1/65 [centaur/arrow (8)]
  9062 | D:9      | Shot with an arrow by a centaur

Illustrated notes

Levels and vault maps discovered:
D:1:      minmay_arrival_plants_in_alcoves, layout_loops_ring,
          ebering_ecumenical_altar_rust
D:2:      layout_basic
D:3:      layout_basic, hangedman_decor_growths, grunt_decor_mini_mirrors
D:4:      layout_basic, zin_purify
D:5:      layout_basic, mainiacjoe_overflow_paths, mainiacjoe_overflow_alcove_2,
          gammafunk_temple_overflow_claw, minmay_temple_entry_junction_2
D:6:      layout_loops_ring, kb_rosetta
D:7:      layout_loops_cross, kennysheep_mini, hangedman_decor_diamond_cutter,
          chequers_serial_rivers_room_b, corexii_checkpoint_a,
          sigmund_edmund_badplayer
D:8:      layout_basic, kennysheep_mini_moat, chequers_garden,
          nicolae_shop_overcharged_wands
D:9:      kennysheep_housing_project, layout_cave_pods, erik_lair_island,
          enter_bailey_5, uniq_harold
Temple:   hc_temple_tempest_star

Skill      XL: |  1  2  3  4  5  6  7  8  9 10 |
---------------+-------------------------------+-----
Unarmed Combat | 1 2 3 4 |  4.5
Stealth        | 3 |  3.9
Fighting       | 1 2 3 4 |  4.3
Conjurations   | 5 6 7 |  7.9
Spellcasting   | 3 4 5 6 7 |  7.1
Translocations | 1 3 4 |  4.3
Shapeshifting  | 1 2 3 |  3.2
Dodging        | 3 4 |  4.4
Short Blades   | 1 |  1.7
Evocations     | 1 |  1.8
Maces & Flails | |  0.2

Action                     |  1- 3 |  4- 6 |  7- 9 | 10-12 || total
---------------------------+-------+-------+-------+-------++-------
  Melee: Unarmed           |     2 |       |       |       ||     2
         Tentacles         |     2 |     5 |     4 |     5 ||    16
         Constrict         |     2 |     4 |     6 |     4 ||    16
         Whip              |    11 |       |       |       ||    11
         Short sword       |       |    14 |    25 |    17 ||    56
   Cast: Magic Dart        |    55 |    97 |    98 |    12 ||   262
         Searing Ray       |     2 |     5 |    52 |     3 ||    62
         Iskenderun's Myst |       |       |     9 |     3 ||    12
  Evoke: Wand              |       |       |    13 |     5 ||    18
    Use: Scroll            |       |     1 |    10 |     5 ||    16
         Potion            |       |       |       |     1 ||     1
   Stab: Paralysed         |       |       |       |     5 ||     5
 Armour: Skin              |       |       |     7 |       ||     7
  Dodge: Dodged            |    15 |    15 |    51 |     9 ||    90
   Form: Beast             |       |       |     1 |       ||     1

Table legend: (Time is in decaauts)
 A = Elapsed time spent in this place.
 B = Non-inter-level travel time spent in this place.
 C = Inter-level travel time spent in this place.
 D = Time resting spent in this place.
 E = Time spent auto-exploring this place.
 F = Levels seen in this place.
 G = Mean time per level.
                   A        B        C        D        E       F      G
               +--------+--------+--------+--------+--------+-----+--------+
         Total |   9057 |   8844 |    213 |    586 |   7381 |  10 |  905.7 |
       Dungeon |   9055 |   8842 |    213 |    586 |   7381 |   9 | 1006.1 |
        Temple |      1 |      1 |      0 |      0 |      0 |   1 |    1.0 |
               +--------+--------+--------+--------+--------+-----+--------+

Top non-repeatable levels by time:
     D:7: 1593 daAuts
     D:6: 1571 daAuts
     D:4: 1213 daAuts
     D:5: 1107 daAuts
     D:2: 962 daAuts
     D:1: 938 daAuts
     D:3: 870 daAuts
     D:8: 757 daAuts
     D:9: 41 daAuts
  Temple: 1 daAuts
